 Dungeon Crawl Stone Soup version 0.16-a0-223-g37887f7 (webtiles) character file.

42 Afay the Caller (level 3, 0/24 HPs)
             Began as a Vampire Summoner on Aug 19, 2014.
             Succumbed to an adder's poison
             ... on Level 2 of the Dungeon.
             The game lasted 00:09:36 (1437 turns).

Afay the Caller (Vampire Summoner)                  Turns: 1437, Time: 00:09:36

HP   0/24        AC  2     Str  7      XL: 3   Next: 35%
MP   2/6         EV 13     Int 18      God:
Gold 36          SH  0     Dex 14      Spells:  2 memorised,  3 levels left

rFire  . . .     SeeInvis +     (no weapon)
rCold  . . .     Clarity  .     a - +0 robe
rNeg   . . .     rCorr    .     (no shield)
rPois  .         rRot     .     (no helmet)
rElec  .         Spirit   .     (no cloak)
SustAb .         Warding  .     (no gloves)
rMut   .         Stasis   .     (no boots)
Gourm  .                        (no amulet)
MR     .....                    (no ring)
                                (no ring)

@: confused, lethally poisoned, regenerating quickly, not resistant to hostile
enchantments, very unstealthy
A: fangs 3, see invisible, unbreathing
a: no special abilities


You were on level 2 of the Dungeon.
You were full.

You visited 1 branch of the dungeon, and saw 2 of its levels.

You collected 36 gold pieces.

Inventory:

Armour
 a - a +0 robe (worn)
Scrolls
 c - a scroll of random uselessness {unknown}
 d - 2 scrolls of recharging {unknown}
 f - 2 scrolls of teleportation {unknown}
 g - a scroll of identify {unknown}
 h - a scroll of remove curse {unknown}
 i - a scroll of magic mapping {unknown}
 j - a scroll of immolation {unknown}
 k - 2 scrolls of fear {unknown}
 m - a scroll of enchant weapon {unknown}
Potions
 l - a potion of confusion
Books
 b - a book of Callings

   Spells                             Type                      Level
   *Summon Small Mammal               Summoning                    1
   *Call Imp                          Summoning                    2
   Call Canine Familiar               Summoning                    3
   Summon Guardian Golem              Hexes/Summoning              4
   Summon Lightning Spire             Summoning/Air                4
   Summon Ice Beast                   Ice/Summoning                4


   Skills:
 + Level 2.7 Dodging
 + Level 3.8 Stealth
 + Level 2.2 Spellcasting
 * Level 4.5 Summonings


You had 3 spell levels left.
You knew the following spells:

 Your Spells              Type           Power        Failure   Level  Hunger
a - Summon Small Mammal   Summ           ###.         2%          1    #......
b - Call Imp              Summ           ###.....     4%          2    ##.....


Dungeon Overview and Level Annotations

Branches:
Dungeon (2/15)

Altars:


Innate Abilities, Weirdness & Mutations

Your natural rate of healing is unusually fast.
You have razor-sharp teeth.
You have supernaturally acute eyesight.
You can survive without breathing.


Message History

The adder barely misses your crimson imp.
Your crimson imp hits the adder but does no damage.
There is an open door here.
Your crimson imp closely misses the adder.
Your crimson imp blinks!
The adder bites your crimson imp.
* * * LOW HITPOINT WARNING * * *
You feel sick.
The adder bites your crimson imp but does no damage.
Your crimson imp barely misses the adder. x2
Drink which item? (? for menu, Esc to quit)
You are confused.
It was a potion of confusion.
Your crimson imp disappears in a puff of smoke!
Your crimson imp closely misses the adder.
Your crimson imp hits the adder.
Drink which item? (? for menu, Esc to quit)
You feel refreshed.
It was a potion of restore abilities.
Your crimson imp blinks!
You die...

.###########...........# #......
.# ######..########.....# .#
#............)...# .#
#.#.###....##..... .#
#.#..##....######. .#
#######.#..##....# #. ..
.............'>...# ####. .
#######.##..#....# #..#.
#@###.#....# #..#. #S# #.#....#
#..#. ##############'###.#.####
#..#. ..............5ยง...#.#
#..#. ...............(...#.#
#..#.
......................######..#.
........(.#####...............#.
.......)..# ######..######.##.
.........# #............


You could see an adder and a friendly crimson imp.

Vanquished Creatures
  A worm (D:2)
  2 giant geckos (D:1)
  A goblin (D:1)
  A hobgoblin (D:1)
  A jackal (D:1)
  2 bats (D:1)
  A giant newt (D:1)
  5 kobolds
  6 rats
20 creatures vanquished.

Vanquished Creatures (collateral kills)
  2 adders (D:2)
  An ooze (D:1)
  A giant cockroach (D:2)
  3 goblins
  5 hobgoblins
  2 jackals (D:1)
  A kobold (D:2)
  A bat (D:1)
  2 giant newts (D:2)
18 creatures vanquished.

Vanquished Creatures (others)
  3 quokkas
  7 bats (D:1)
  9 rats
19 creatures vanquished.

Grand Total: 57 creatures vanquished

Notes
Turn   | Place    | Note
--------------------------------------------------------------
     0 | D:1      | Afay, the Vampire Summoner, began the quest for the Orb.
     0 | D:1      | Reached XP level 1. HP: 13/13 MP: 3/3
   333 | D:1      | Reached XP level 2. HP: 14/19 MP: 4/4
  1080 | D:2      | Reached XP level 3. HP: 21/24 MP: 0/6
  1246 | D:2      | Learned a level 2 spell: Call Imp
  1432 | D:2      | HP: 1/24 [poisoned by an adder]
  1437 | D:2      | Succumbed to an adder's poison

Action                   || total
-------------------------++-------
Melee: Unarmed           ||   128
 Cast: Summon Small Mamm ||    49
       Call Imp          ||     7
  Use: Potion            ||     3
 Stab: Sleeping          ||     7
  Eat: Corpse            ||     7
